 Dungeon Crawl Stone Soup version 0.20.0-8-g6b59dc7 (webtiles) character file.

447 RKaid the Gusty (level 7, -7/36 HPs)
             Began as a Tengu Air Elementalist on May 30, 2017.
             Killed from afar by an orc wizard (9 damage)
             ... with a magic dart
             ... on level 3 of the Dungeon.
             The game lasted 00:14:21 (3993 turns).

RKaid the Gusty (Tengu Air Elementalist)            Turns: 3993, Time: 00:14:22

Health: -7/36      AC:  7    Str:  9    XL:     7   Next: 3%
Magic:  4/14       EV: 12    Int: 17    God:
Gold:   96         SH:  0    Dex: 14    Spells: 2/14 levels left

rFire    + . .     SeeInvis .   a - +2 short sword (speed)
rCold    . . .     Gourm    .   (no shield)
rNeg     . . .     Faith    .   f - +2 robe {rF+}
rPois    .         Spirit   .   (helmet restricted)
rElec    .         Reflect  .   n - +0 cloak
rCorr    .         Harm     .   (no gloves)
MR       .....                  (boots unavailable)
Stlth    ++........             (no amulet)
Regen    0.2/turn               w - +2 ring of protection
MPRegen  0.2/turn               (no ring)

@: no status effects
A: beak, talons 3, able to fly 1
a: Fly


You were on level 3 of the Dungeon.
You were hungry.

You visited 1 branch of the dungeon, and saw 4 of its levels.

You collected 96 gold pieces.

Inventory:

Hand Weapons
 a - a +2 short sword of speed (weapon)
   (You took it off a kobold on level 2 of the Dungeon)
 b - a +1 hand axe of chopping
   (You took it off Terence on level 3 of the Dungeon)
 s - a +2 short sword of protection
   (You took it off an orc priest on level 3 of the Dungeon)
Missiles
 y - 16 sling bullets
Armour
 d - a +2 robe of cold resistance
   (You took it off Sigmund on level 3 of the Dungeon)
 f - a +2 robe of fire resistance (worn)
   (You took it off Jessica on level 3 of the Dungeon)
 n - a +0 cloak (worn)
   (You found it on level 1 of the Dungeon)
Jewellery
 w - a +2 ring of protection (left hand)
   (You found it on level 2 of the Dungeon)
Scrolls
 e - 7 scrolls of identify {unknown}
 g - a scroll of amnesia {unknown}
 i - 3 scrolls of random uselessness {unknown}
 j - 2 scrolls of teleportation
 k - a scroll of enchant weapon {unknown}
 o - 6 scrolls of remove curse
 q - 4 scrolls of fear {unknown}
Potions
 h - a potion of might {unknown}
 m - a potion of agility
 p - a potion of mutation {unknown}
 r - 2 potions of ambrosia
 t - a potion of resistance {unknown}
 u - a potion of heal wounds {unknown}
 v - a potion of curing {unknown}
 z - 2 potions of invisibility {unknown}
Books
 l - a book of Air
Comestibles
 c - 2 bread rations


   Skills:
 - Level 2.1 Dodging
 - Level 2.0 Stealth
 + Level 4.1 Spellcasting
 + Level 5.3 Conjurations
 + Level 6.7 Air Magic


You had 2 spell levels left.
You knew the following spells:

 Your Spells              Type           Power        Failure   Level  Hunger
a - Shock                 Conj/Air       ###.         1%          1    None
b - Airstrike             Air            ####......   10%         4    ####...
d - Lightning Bolt        Conj/Air       ###.......   34%         5    ######.
A - Swiftness             Chrm/Air       ##......     6%          2    ##.....


Dungeon Overview and Level Annotations

Branches:
Dungeon (4/15)
 Temple: D:4-7

Altars:
Nemelex Xobeh

Annotations:
D:3 Purgy
D:4 exclusion: Grinder, Grinder


Innate Abilities, Weirdness & Mutations

You have a beak for a mouth.
You have claws for feet.
You can fly.


Message History

You hear an angry hiss.
You hear a shout! x4
Purgy closely misses you. Purgy barely misses you. Purgy misses you.
Purgy looks around nervously.
Purgy bites you but does no damage. Purgy claws you but does no damage.
Purgy barely misses you.
You start to feel a little faster.
Purgy bites you. Purgy claws you. Purgy barely misses you. Purgy bites you!
Purgy claws you. x2
You no longer feel sluggish.
An adder comes into view.
The adder moves out of view.
An orc comes into view. It is wielding a hand axe.
An orc comes into view.
An orc comes into view. It is wielding a whip.
Purgy barely misses you. Purgy claws you. Purgy claws you but does no damage.
Purgy snarls, "My home!
Leave!"
Casting: Lightning Bolt
Confirm with . or Enter, or press ? or * to list all spells.
You miscast Swiftness.
You are very lightly contaminated with residual magic.
You feel a strange surge of energy! Purgy bites you but does no damage.
Purgy claws you but does no damage. x2
There is a stone staircase leading down here.
Purgy bites you but does no damage. Purgy closely misses you.
Purgy claws you but does no damage.
A hobgoblin comes into view.
An orc wizard comes into view. It is wielding a dagger.
The hobgoblin shouts!
The orc shouts!
You hear a shout!
The hobgoblin throws a stone.
The stone closely misses you.
The orc wizard points at you and mumbles some strange words.
The magic dart hits you!
The hobgoblin throws a stone.
The stone barely misses you.
The orc wizard casts a spell.
The orc wizard blinks!
The hobgoblin throws a stone.
The stone hits you.
You see here a stone.
The orc wizard casts a spell.
The orc wizard seems to speed up.
You are feeling hungry.
The orc wizard casts a spell at you. The magic dart hits you!
The orc wizard gestures at you while chanting.
The magic dart hits you!
* * * LOW HITPOINT WARNING * * *
The orc wizard mumbles some strange words.
The orc wizard blinks!
Casting: Swiftness
Confirm with . or Enter, or press ? or * to list all spells.
You feel quick.
Your magical contamination has completely faded away.
You start to feel a little slower.
The orc wizard points at you and mumbles some strange words.
You resist with some effort.
Things that are here:
a ring mail; a club The orc wizard points at you and mumbles some strange words.
You resist with some effort.
You feel sluggish.
You start to feel a little faster.
The orc wizard points at you and mumbles some strange words.
You resist with some effort.
Casting: Swiftness
Confirm with . or Enter, or press ? or * to list all spells.
Aiming: Shock
Press: ? - help, Shift-Dir - straight line The zap hits the orc wizard.
The zap misses the orc wizard.
You no longer feel sluggish.
Casting: Shock
Confirm with . or Enter, or press ? or * to list all spells.
Aiming: Shock
Press: ? - help, Shift-Dir - straight line The zap hits the orc wizard.
The orc wizard casts a spell at you. The magic dart hits you!
* * * LOW HITPOINT WARNING * * *
The orc wizard mumbles some strange words.
The orc wizard blinks!
Casting: Shock
Confirm with . or Enter, or press ? or * to list all spells.
Aiming: Shock
Press: ? - help, Shift-Dir - straight line, f - orc wizard
Aim: an orc wizard, wielding a dagger and wearing a robe (lightly wounded, fast)
The zap misses the orc wizard.
Casting: Shock
Confirm with . or Enter, or press ? or * to list all spells.
Aiming: Shock
Press: ? - help, Shift-Dir - straight line, f/p - orc wizard
Aim: an orc wizard, wielding a dagger and wearing a robe (lightly wounded, fast)
The zap hits the orc wizard.
The orc wizard closely misses you.
Casting: Shock
Confirm with . or Enter, or press ? or * to list all spells.
Aiming: Shock
Press: ? - help, Shift-Dir - straight line, f/p - orc wizard
Aim: an orc wizard, wielding a dagger and wearing a robe (heavily wounded, fast)
The zap hits the orc wizard.
The orc wizard hits you but does no damage.
You closely miss the orc wizard. The orc wizard hits you with a dagger.
* * * LOW HITPOINT WARNING * * *
The orc wizard points at you and mumbles some strange words.
The magic dart hits you!
You die...

#...# #......#
#...# #......#
#...# #......#
#...###......#
#o..##.....###
#T####.....##
#[# #..)...# #.#
#...o..## #.#
#...@...# #.#
##.###..#
#.#####.# #..#
#.....#o# #..##
#..##.#.# ##..#
#..##..)# #..##
#..#########...#
#..# #.....#
#..# #.....#


You could see an orc wizard.

Vanquished Creatures
  Sigmund (D:3)
  A bullfrog skeleton (D:3)
  An orc priest (D:3)
  An orc wizard (D:3)
  Jessica (D:3)
  Terence (D:3)
  A worker ant (D:3)
  A howler monkey skeleton (D:3)
  6 adders
  An ooze (D:1)
  3 worms (D:3)
  A leopard gecko (D:3)
  3 orcs (D:3)
  3 giant cockroaches (D:1)
  5 goblins
  5 hobgoblins
  11 kobolds
  A quokka (D:3)
  3 bats
  4 frilled lizards
  7 rats
61 creatures vanquished.

Notes
Turn   | Place    | Note
-------+----------+-------------------------------------------
     0 | D:1      | RKaid the Tengu Air Elementalist began the quest for the Orb.
     0 | D:1      | Reached XP level 1. HP: 10/10 MP: 4/4
   107 | D:1      | Reached skill level 2 in Conjurations
   107 | D:1      | Reached XP level 2. HP: 15/15 MP: 1/6
   718 | D:2      | Reached XP level 3. HP: 12/19 MP: 0/7
   830 | D:2      | Learned a level 2 spell: Swiftness
  1433 | D:2      | Reached skill level 3 in Conjurations
  1682 | D:3      | Noticed Purgy
  1737 | D:3      | Reached skill level 5 in Air Magic
  1737 | D:3      | Reached XP level 4. HP: 24/24 MP: 0/9
  1965 | D:3      | Noticed Terence
  2059 | D:3      | Killed Terence
  2059 | D:3      | Reached skill level 3 in Spellcasting
  2311 | D:3      | Noticed Jessica
  2315 | D:3      | Killed Jessica
  2315 | D:3      | Gained mutation: You can fly. [Tengu growth]
  2315 | D:3      | Reached XP level 5. HP: 28/28 MP: 6/10
  2355 | D:3      | Noticed Sigmund
  2449 | D:3      | Reached skill level 4 in Conjurations
  2632 | D:3      | Found a sparkling altar of Nemelex Xobeh.
  2682 | D:3      | Learned a level 4 spell: Airstrike
  2925 | D:3      | Killed Sigmund
  2925 | D:3      | Reached skill level 5 in Conjurations
  2925 | D:3      | Reached skill level 6 in Air Magic
  2925 | D:3      | Reached XP level 6. HP: 29/32 MP: 8/12
  3091 | D:3      | Reached skill level 4 in Spellcasting
  3580 | D:3      | Reached XP level 7. HP: 34/36 MP: 14/14
  3882 | D:4      | Noticed Grinder
  3890 | D:4      | Learned a level 5 spell: Lightning Bolt
  3964 | D:3      | HP: 7/36 [orc wizard/magic dart (4)]
  3989 | D:3      | HP: 7/36 [orc wizard/magic dart (3)]
  3993 | D:3      | HP: 2/36 [orc wizard/dagger (5)]
  3993 | D:3      | Killed from afar by an orc wizard

Skill      XL: |  1  2  3  4  5  6 |
---------------+-------------------+-----
Conjurations   | 2 3 5 |  5.3
Air Magic      | 5 6 |  6.7
Spellcasting   | 3 4 |  4.1
Dodging        | |  2.1
Stealth        | |  2.0

Action                   |  1- 3 |  4- 6 |  7- 9 || total
-------------------------+-------+-------+-------++-------
Melee: Short sword       |     1 |    25 |     2 ||    28
       Kick              |       |     5 |     1 ||     6
       Peck              |       |     3 |     1 ||     4
 Cast: Shock             |    80 |   109 |    19 ||   208
       Swiftness         |       |     2 |     2 ||     4
       Airstrike         |       |     1 |     2 ||     3
       Lightning Bolt    |       |       |     1 ||     1
  Use: Scroll            |       |     2 |       ||     2
       Potion            |       |     1 |       ||     1
  Eat: Chunk             |     3 |     5 |     2 ||    10
       Fruit             |       |     1 |       ||     1
Armor: Robe              |     3 |    13 |    11 ||    27
Dodge: Dodged            |    15 |    21 |    15 ||    51

Table legend:
 A = Turns spent in this place as a percentage of turns spent in the entire game.
 B = Non-inter-level travel turns spent in this place as a percentage of non-inter-level travel turns spent in the entire game.
 C = Inter-level travel turns spent in this place as a percentage of turns spent in this place.
 D = Turns resting spent in this place as a percentage of non-inter-level travel turns spent in this place.
 E = Turns spent auto-exploring this place as a percentage of non-inter-level travel turns spent in this place.
 F = Non-inter-level travel turns spent in this place divided by the number of levels of this place that you've seen.
                   A       B       C       D       E      F
               +-------+-------+-------+-------+-------+----------------------
         Total | 100.0 | 100.0 |   0.4 |   7.2 |   8.1 | 279.5
       Dungeon | 100.0 | 100.0 |   0.4 |   7.2 |   8.1 | 279.5
               +-------+-------+-------+-------+-------+----------------------

Table legend:
 A = Kills in this place as a percentage of kills in entire the game.
 B = Kills by you in this place as a percentage of kills by you in the entire game.
 C = Kills by friends in this place as a percentage of kills by friends in the entire game.
 D = Other kills in this place as a percentage of other kills in the entire game.
 E = Experience gained in this place as a percentage of experience gained in the entire game.
 F = Experience gained in this place divided by the number of levels of this place that you have seen.
                   A       B       C       D       E      F
               +-------+-------+-------+-------+-------+----------------------
         Total | 100.0 | 100.0 |  -nan |  -nan | 100.0 | 159.8
       Dungeon | 100.0 | 100.0 |  -nan |  -nan | 100.0 | 159.8
               +-------+-------+-------+-------+-------+----------------------
